 Dungeon Crawl Stone Soup version 0.31-a0-986-g5e6e4ef867 (webtiles) character file.

Game seed: 16482068946562935287

17341 Xavori the Nimble (level 12, -1/89 HPs)
             Began as a Djinni Chaos Knight on Nov 4, 2023.
             Was a Plaything of Xom.
             Slain by a nine-headed hydra (5 damage)
             ... on level 2 of the Lair of Beasts on Nov 5, 2023.
             The game lasted 00:20:08 (19562 turns).

Xavori the Nimble (Djinni Chaos Knight)            Turns: 19562, Time: 00:20:09

Health: -1/89      AC: 14    Str: 14      XL:     12   Next: 81%
Gold:   1864       EV: 21    Int: 13 (14) God:    Xom [*.....] SH:  5 Dex: 27

rFire   + + .        h - +5 great sword
rCold   x . .        (shield currently unavailable)
rNeg    . . .        M - +0 steam dragon scales
rPois   ∞            (helmet restricted)
rElec   .            O - +2 cloak of Boredom {Dex+4}
rCorr   +            (no gloves)
SInv    .            (boots unavailable)
Will    ++...        I - amulet of reflection
Stlth   +++          l - ring of resist corrosion
HPRegen 0.34/turn    w - +6 ring of strength
MPRegen 0.00/turn

%: reflection, infuse magic (-2 HP)
@: flying
A: sickness immunity, fire resistance 2, cold vulnerability 1, float, innate
caster, HP casting, extra vitality 1, antennae 1, iridescent scales 2, thin
skeletal structure 1, agile 1, deterioration 1, strong-willed 1, weak 1,
inability to drink after injury 1
a: Renounce Religion


You were on level 2 of the Lair of Beasts.
You worshipped Xom.
You were a special plaything of Xom.
You visited 2 branches of the dungeon, and saw 13 of its levels.
You also visited: Sewer.

You collected 2577 gold pieces.
You spent 713 gold pieces at shops.

Inventory:

Hand Weapons
 a - a +0 falchion of chaos
 h - a +5 great sword (weapon)
Armour
 b - a +2 leather armour
 M - +0 steam dragon scales (worn)
 N - +0 acid dragon scales
 O - the +2 cloak of Boredom (worn) {Dex+4}
   (You acquired it on level 1 of the Lair of Beasts)

   Dex+4:     It affects your dexterity (+4).
Jewellery
 l - a ring of resist corrosion (left hand)
 s - a ring of fire
 w - a +6 ring of strength (right hand)
 C - a +6 ring of strength
 I - an amulet of reflection (around neck)
Wands
 k - a wand of digging (8)
 q - a wand of acid (8)
Scrolls
 c - a scroll of butterflies
 e - 3 scrolls of teleportation
 j - 2 scrolls of fear
 m - 3 scrolls of enchant weapon
 n - 3 scrolls of enchant armour
 o - a scroll of brand weapon
 r - a scroll of identify
 t - 3 scrolls of vulnerability
 v - 3 scrolls of immolation
 y - 3 scrolls of poison
 z - 2 scrolls of silence
 E - a scroll of fog
 H - a scroll of torment
 J - 2 scrolls of blinking
Potions
 d - 3 potions of enlightenment {unknown}
 f - 2 potions of invisibility {unknown}
 g - a potion of lignification
 i - 4 potions of mutation
 p - 5 potions of curing
 u - 2 potions of brilliance {unknown}
 x - 2 potions of berserk rage
 A - 4 potions of haste {unknown}
 B - a potion of cancellation
 D - 2 potions of magic {unknown}
 F - a potion of might
 G - a potion of ambrosia {unknown}
 K - 2 potions of heal wounds


   Skills:
 + Level 9.3 Fighting
 * Level 8.5 Long Blades
 + Level 8.8 Armour
 + Level 9.8 Dodging
 * Level 7.7 Spellcasting
 * Level 7.7 Conjurations
 * Level 7.7 Hexes
 * Level 7.7 Summonings
 * Level 7.7 Necromancy
 * Level 7.7 Translocations
 * Level 7.7 Transmutations
 * Level 7.7 Fire Magic
 * Level 7.7 Ice Magic
 * Level 7.7 Air Magic
 * Level 7.7 Earth Magic
 * Level 7.7 Poison Magic


You knew the following spells:

 Your Spells              Type           Power      Damage    Failure   Level
a - Sting                 Tmut/Pois      100%       1d8       1%          1
b - Poisonous Vapours     Pois/Air       50%        N/A       1%          2
c - Confusing Touch       Hex            25%        N/A       1%          3
d - Animate Armour        Summ/Erth      50%        N/A       6%          4
e - Manifold Assault      Tloc           25%        N/A       6%          4
Your spell library was empty.

Dungeon Overview and Level Annotations

Branches:
Dungeon (11/15)            Temple (0/1) D:7            Lair (2/5) D:10
    Orc (0/2) D:9           Sewer (visited)
  Swamp: Lair:2-3    Shoals: Lair:2-3     Snake: Lair:2-3    Spider: Lair:2-3

Altars:
Okawaru
Trog
Uskayaw
Wu Jian
Xom
Yredelemnul

Shops:
D:4 *   D:7 *   D:9 (   D:10 !

Annotations:
D:11 3 runed translucent doors, Athocut's ghost, journeyman FeDe; Tuntoteh's ghost, journeyman DrSh; gribnar's ghost, journeyman HOFi; grimpoem's ghost, journeyman TrFi; grimpoem's ghost, journeyman TrMo


Innate Abilities, Weirdness & Mutations

You are immune to sickness and miasma.
You are immune to poison.
Your flesh is very heat resistant. (rF++)
You are vulnerable to cold. (rC-)
You float through the air rather than walking.
You learn spells naturally, not from books.
Your magical power is your life essence.
You have superior vitality. (+4 MHP)
You have a pair of small antennae on your head.
You are mostly covered in iridescent scales. (AC +4)
You have a somewhat thin skeletal structure. (Dex +2, Stealth+)
You are agile. (Dex +4, Str/Int -1)
Your body sometimes deteriorates upon taking damage.
You are strong-willed. (Will+)
You are weak. (Str -2)
You occasionally lose the ability to drink potions when taking damage.


Message History

The eight-headed hydra barely misses you.
The eight-headed hydra misses you.
The eight-headed hydra barely misses you.
Unknown command.
Casting: Manifold Assault (dangerous; 5% risk of failure)
Confirm with . or Enter, or press ? or * to list all spells.
The eight-headed hydra bites you!
The eight-headed hydra barely misses you.
The eight-headed hydra bites you but does no damage. x2
The eight-headed hydra closely misses you.
The eight-headed hydra bites you.
The eight-headed hydra closely misses you.
The eight-headed hydra barely misses you.
Unknown command.
The eight-headed hydra attacks as it pursues you!
The eight-headed hydra bites you. The eight-headed hydra bites you!
* * * LOW HITPOINT WARNING * * *
You block the eight-headed hydra's attack. x2
The eight-headed hydra bites you.
* * * LOW HITPOINT WARNING * * *
The eight-headed hydra bites you!
* * * LOW HITPOINT WARNING * * *
Your body deteriorates!
You feel dopey.
The eight-headed hydra bites you but does no damage. x2
Your animated steam dragon scales hits the eight-headed hydra.
Your animated steam dragon scales hits the eight-headed hydra!
Unknown command.
You lop one of the eight-headed hydra's heads off!
The seven-headed hydra grows two more!
You slice the nine-headed hydra!!
The nine-headed hydra is severely wounded.
The water moccasin bites your animated steam dragon scales!
The nine-headed hydra bites you but does no damage.
The nine-headed hydra misses you. The nine-headed hydra bites you.
* * * LOW HITPOINT WARNING * * *
The nine-headed hydra bites you but does no damage.
The nine-headed hydra bites you!
* * * LOW HITPOINT WARNING * * *
The nine-headed hydra bites you but does no damage.
The nine-headed hydra bites you.
You die...

#.## #.....PPP.#.D#≈≈~w~≈
...# ##>.#.P.P####h#≈≈l~~≈
...###....##.##..#...≈≈l~B
......(.###..#..##..≈≈≈~~~
#.#P............#.h##
##...P#.####.#..##..###
###..#..# ###..##....##
#.##.#.###.#.#####..#
...P.........@DS§h..#
.#....#####.#.#[######
##.#.... #######


You could see a nine-headed hydra, a polar bear, a water moccasin (ally target)
and a friendly animated steam dragon scales (summoned).

Vanquished Creatures
  An entropy weaver (shapeshifter) (Lair:2)
  A two-headed ogre (D:8)
  2 boulder beetles
  An ugly thing (D:7)
  A salamander (D:10)
  2 black mambas (Lair:1)
  An unseen horror (D:11)
  A gargoyle (D:11)
  2 cane toads (Lair:1)
  A rime drake (Lair:2)
  3 komodo dragons (Lair:1)
  A queen bee (shapeshifter) (D:2)
  2 hornets (D:9)
  5 blink frogs (Lair:1)
  A jumping spider (shapeshifter) (Lair:1)
  Sigmund (D:6)
  2 shadows
  26 yaks
  A basilisk (Lair:2)
  3 wyverns
  A steam dragon (D:9)
  2 acid dragons
  6 water moccasins
  4 orc warriors
  Pargi (Sewer)
  4 black bears
  2 sky beasts
  3 ogres
  5 wolves (Lair:2)
  3 centaurs
  A kobold brigand (D:8)
  A bullfrog (shapeshifter) (D:5)
  4 bullfrogs
  2 scorpions
  5 wights (D:8)
  12 howler monkeys
  An electric eel (Lair:2)
  3 hounds
  3 jellies
  7 orc priests
  3 iguanas
  2 sleepcaps
  11 orc wizards
  A gnoll (D:2)
  7 adders
  A worm (D:5)
  2 dart slugs (D:1)
  30 orcs
  10 ball pythons
  3 endoplasms
  3 giant cockroaches
  7 goblins
  7 hobgoblins
  9 jackals
  3 quokkas
  5 bats
  6 frilled lizards
  15 kobolds
  4 rats
257 creatures vanquished.

Vanquished Creatures (collateral kills)
  An endoplasm (D:4)
1 creature vanquished.

Vanquished Creatures (others)
  An orc (D:9)
1 creature vanquished.

Grand Total: 259 creatures vanquished

Notes
Turn   | Place    | Note
-------+----------+-------------------------------------------
     0 | D:1      | Xavori the Djinni Chaos Knight began the quest for the Orb.
     0 | D:1      | Reached XP level 1. HP: 20/20 MP: 0/0
    65 | D:1      | Reached XP level 2. HP: 22/25 MP: 0/0
   150 | D:1      | XOM: silly message
   171 | D:1      | XOM: silly message
   290 | D:1      | Reached XP level 3. HP: 30/30 MP: 0/0
   290 | D:1      | Learned a level 1 spell: Sting
   577 | D:1      | XOM: silly message
   627 | D:1      | XOM: silly message
   957 | D:1      | XOM: noise
  1634 | D:1      | XOM: divination: magic mapping
  2053 | D:1      | XOM: silly message
  2226 | D:1      | XOM: silly message
  2428 | D:1      | XOM: divination: magic mapping
  2806 | D:1      | XOM: silly message
  2947 | D:1      | XOM is BORED!
  3076 | D:1      | XOM: divination: detect creatures
  3832 | D:1      | XOM: silly message
  4033 | D:1      | XOM: torment (16/30 hp)
  4387 | D:1      | XOM: give mutations
  4387 | D:1      | Gained mutation: You are clumsy. (Dex -2) [Xom's mischief]
  4387 | D:1      | Gained mutation: Armour fits poorly on your strangely
                  | shaped body. [Xom's mischief]
  4387 | D:1      | Gained mutation: Your body sometimes deteriorates upon
                  | taking damage. [Xom's mischief]
  5083 | D:1      | XOM: give mutations
  5083 | D:1      | Gained mutation: You have hidden genetic potential. [Xom's
                  | mischief]
  5083 | D:1      | Lost mutation: You are clumsy. (Dex -2) [Xom's mischief]
  5083 | D:1      | Gained mutation: Your body often deteriorates upon taking
                  | damage. [Xom's mischief]
  5144 | D:1      | XOM: give mutation
  5144 | D:1      | Gained mutation: You have a pair of small antennae on your
                  | head. [Xom's mischief]
  5269 | D:1      | XOM: give mutations
  5269 | D:1      | Gained mutation: Your muscles are strong. (Str +4, Int/Dex
                  | -1) [Xom's mischief]
  5269 | D:1      | Gained mutation: You have great hidden genetic potential.
                  | [Xom's mischief]
  5269 | D:1      | Lost mutation: Armour fits poorly on your strangely shaped
                  | body. [Xom's mischief]
  5269 | D:1      | Gained mutation: Your spells are a little harder to cast,
                  | but a little more powerful. [Xom's mischief]
  5771 | D:1      | XOM: torment (16/30 hp)
  6325 | D:1      | XOM: give mutations
  6325 | D:1      | Gained mutation: You possess an exceptional clarity of
                  | mind. [Xom's mischief]
  6325 | D:1      | Gained mutation: You are dopey. (Int -2) [Xom's mischief]
  6325 | D:1      | Lost mutation: You are dopey. (Int -2) [Xom's mischief]
  6325 | D:1      | Lost mutation: You have great hidden genetic potential.
                  | [Xom's mischief]
  6471 | D:1      | XOM: summons 2 hostile demons
  6836 | D:1      | XOM: scenery: summon butterflies
  7832 | D:1      | XOM is BORED!
  8224 | D:1      | XOM: god gift: wand of digging (8)
  8310 | D:2      | XOM: god gift: 32 gold pieces
  8621 | D:2      | XOM: god gift: scroll labelled OPNAEVU GAOHAO {god gift}
  8638 | D:2      | XOM: summons 1 hostile shadow creature
  8659 | D:2      | Reached XP level 4. HP: 26/35 MP: 0/0
  8802 | D:2      | a jackal changed into a shapeshifter
  8802 | D:2      | Noticed a shapeshifter (shapeshifter)
  8802 | D:2      | XOM: polymorph jackal -> shapeshifter
  8802 | D:2      | a shapeshifter changed into a mana viper
  8802 | D:2      | Noticed a mana viper (shapeshifter)
  8803 | D:2      | a mana viper changed into an orb spider
  8803 | D:2      | Noticed an orb spider (shapeshifter)
  8806 | D:2      | an orb spider changed into a skyshark
  8806 | D:2      | Noticed a skyshark (shapeshifter)
  8810 | D:2      | Lost mutation: Your muscles are strong. (Str +4, Int/Dex
                  | -1) [potion of mutation]
  8810 | D:2      | Lost mutation: You have hidden genetic potential. [potion
                  | of mutation]
  8810 | D:2      | Lost mutation: You possess an exceptional clarity of mind.
                  | [potion of mutation]
  8810 | D:2      | Gained mutation: You have a somewhat thin skeletal
                  | structure. (Dex +2, Stealth+) [potion of mutation]
  8810 | D:2      | Gained mutation: You occasionally lose the ability to drink
                  | potions when taking damage. [potion of mutation]
  8812 | D:2      | a skyshark changed into a shapeshifter
  8812 | D:2      | Noticed a shapeshifter (shapeshifter)
  8812 | D:2      | XOM: polymorph skyshark -> shapeshifter
  8812 | D:2      | a shapeshifter changed into a queen bee
  8812 | D:2      | Noticed a queen bee (shapeshifter)
  8815 | D:2      | XOM: swap monsters
  8823 | D:2      | Killed a queen bee
  8824 | D:2      | Reached skill level 1 in Spellcasting
  8824 | D:2      | Reached skill level 1 in Conjurations
  8824 | D:2      | Reached skill level 1 in Hexes
  8824 | D:2      | Reached skill level 1 in Summonings
  8824 | D:2      | Reached skill level 1 in Necromancy
  8824 | D:2      | Reached skill level 1 in Translocations
  8824 | D:2      | Reached skill level 1 in Transmutations
  8824 | D:2      | Reached skill level 1 in Fire Magic
  8824 | D:2      | Reached skill level 1 in Ice Magic
  8824 | D:2      | Reached skill level 1 in Air Magic
  8824 | D:2      | Reached skill level 1 in Earth Magic
  8824 | D:2      | Reached skill level 1 in Poison Magic
  8824 | D:2      | Reached XP level 5. HP: 18/41 MP: 0/0
  8824 | D:2      | Learned a level 2 spell: Poisonous Vapours
  8824 | D:2      | Reached XP level 6. HP: 21/47 MP: 0/0
  9240 | D:3      | You are sucked into a shaft and drop 3 floors!
  9261 | D:6      | Noticed an ogre
  9280 | D:6      | XOM: cast spell 'Death Channel'
  9289 | D:6      | Killed an ogre
  9290 | D:6      | Reached XP level 7. HP: 9/52 MP: 0/0
  9290 | D:6      | Learned a level 3 spell: Confusing Touch
  9456 | D:6      | Noticed Sigmund
  9477 | D:6      | Killed Sigmund
  9520 | D:6      | XOM: stat loss: -1 Int (13/14)
  9827 | D:5      | Entered Level 5 of the Dungeon
  9846 | D:5      | XOM: smoke on damage
  9846 | D:5      | XOM: smoke on damage
  9863 | D:5      | XOM: polymorph jelly -> bullfrog
  9864 | D:5      | Reached XP level 8. HP: 34/58 MP: 0/0
  9902 | D:5      | XOM: 1-stop teleportation journey
 10003 | D:5      | Found a basalt altar of Yredelemnul.
 10050 | D:5      | Found a glowing drain.
 10070 | Sewer    | Entered a sewer
 10138 | Sewer    | Noticed Pargi
 10145 | Sewer    | Killed Pargi
 10499 | D:5      | Identified the +0 robe "Fyumalad" {Int+3 Dex+3}
 10571 | D:5      | Found a bloodstained altar of Trog.
 10775 | D:4      | Reached skill level 5 in Fighting
 10914 | D:4      | Reached skill level 5 in Dodging
 11022 | D:4      | Found Vuinn's Assorted Antiques.
 11025 | D:4      | Bought a scroll labelled GAIXTER KOTS for 23 gold pieces
 11025 | D:4      | Bought a scroll labelled VAMMEU HUNEI for 23 gold pieces
 11025 | D:4      | Bought a scroll labelled VEUSCH OSICIAMATA for 23 gold
                  | pieces
 11025 | D:4      | Bought a scroll of identify for 46 gold pieces
 11025 | D:4      | Bought a scroll of identify for 46 gold pieces
 11025 | D:4      | Bought a red potion for 20 gold pieces
 11036 | D:4      | XOM: cast spell 'Summon Ice Beast'
 11278 | D:4      | XOM: give mutations
 11278 | D:4      | Lost mutation: Your body often deteriorates upon taking
                  | damage. [Xom's mischief]
 11278 | D:4      | Gained mutation: You are robust. (+10% HP) [Xom's mischief]
 11278 | D:4      | Gained mutation: You are agile. (Dex +4, Str/Int -1) [Xom's
                  | mischief]
 11500 | D:3      | Found an ornate altar of the Wu Jian Council.
 11578 | D:3      | Found an iron altar of Okawaru.
 11941 | D:5      | XOM: scenery: create altars
 12176 | D:6      | XOM: give mutations
 12176 | D:6      | Lost mutation: Your spells are a little harder to cast, but
                  | a little more powerful. [Xom's mischief]
 12176 | D:6      | Gained mutation: You are weak. (Str -2) [Xom's mischief]
 12198 | D:6      | Reached XP level 9. HP: 61/71 MP: 0/0
 12198 | D:6      | Learned a level 4 spell: Animate Armour
 12347 | D:6      | Reached skill level 5 in Long Blades
 12361 | D:6      | XOM: cloud trail
 12699 | D:6      | XOM: god gift: war axe {god gift}
 12745 | D:6      | XOM: god gift: quarterstaff {god gift}
 12862 | D:7      | Found Zaothrutt's Assorted Antiques.
 12878 | D:7      | XOM: polymorph howler monkey -> iguana
 12886 | D:7      | XOM: fake destruction
 12892 | D:7      | XOM: god gift: chain mail {god gift}
 13296 | D:7      | Reached skill level 5 in Armour
 13364 | D:7      | XOM: 3-stop teleportation journey
 13413 | D:7      | Bought a scroll labelled VOUTOS JIUHOWI for 28 gold pieces
 13413 | D:7      | Bought a potion of might for 112 gold pieces
 13541 | D:7      | Found a staircase to the Ecumenical Temple.
 13717 | D:8      | XOM: fog
 13879 | D:8      | Noticed a two-headed ogre
 13890 | D:8      | XOM: scenery: create altars
 13890 | D:8      | XOM: butterfly on damage
 13897 | D:8      | Killed a two-headed ogre
 13898 | D:8      | Reached XP level 10. HP: 42/80 MP: 0/0
 14112 | D:7      | XOM: scenery: summon butterflies
 14120 | D:8      | XOM: fog
 14138 | D:8      | XOM: give mutations
 14138 | D:8      | Gained mutation: You are very agile. (Dex +8, Str/Int -2)
                  | [Xom's grace]
 14138 | D:8      | Gained mutation: You are partially covered in iridescent
                  | scales. (AC +2) [Xom's grace]
 14138 | D:8      | Gained mutation: You are mostly covered in iridescent
                  | scales. (AC +4) [Xom's grace]
 14169 | D:8      | XOM: enchant monster (good)
 14170 | D:8      | XOM: summons friendly shadow imp
 14178 | D:8      | Noticed a green ugly thing
 14179 | D:8      | XOM: confuse monster(s)
 14189 | D:8      | Reached skill level 5 in Spellcasting
 14189 | D:8      | Reached skill level 5 in Conjurations
 14189 | D:8      | Reached skill level 5 in Hexes
 14189 | D:8      | Reached skill level 5 in Summonings
 14189 | D:8      | Reached skill level 5 in Necromancy
 14189 | D:8      | Reached skill level 5 in Translocations
 14189 | D:8      | Reached skill level 5 in Transmutations
 14189 | D:8      | Reached skill level 5 in Fire Magic
 14189 | D:8      | Reached skill level 5 in Ice Magic
 14189 | D:8      | Reached skill level 5 in Air Magic
 14189 | D:8      | Reached skill level 5 in Earth Magic
 14189 | D:8      | Reached skill level 5 in Poison Magic
 14198 | D:7      | HP: 3/80 [green ugly thing (11)]
 14330 | D:7      | Killed a green ugly thing
 14406 | D:7      | XOM: divination: detect items
 14450 | D:8      | XOM: silly message
 14464 | D:8      | XOM: divination: magic mapping
 14793 | D:8      | Identified the +0 arbalest of the Toadstool {freeze, rN++
                  | Int-2 Dex+3 SInv}
 15041 | D:9      | Found a staircase to the Orcish Mines.
 15047 | D:9      | XOM: potion effect (invisibility)
 15059 | D:9      | XOM: potion effect (brilliance)
 15111 | D:9      | Found Xoajiriadi's Weapon Boutique.
 15160 | D:9      | XOM: potion effect (invisibility)
 15698 | D:9      | XOM: god gift: wand of acid (4)
 15756 | D:10     | Entered Level 10 of the Dungeon
 15783 | D:10     | Reached XP level 11. HP: 39/86 MP: 0/0
 15783 | D:10     | Learned a level 4 spell: Manifold Assault
 15927 | D:10     | Identified the +1 dagger "Hoaweow" {venom, Fly rF+}
 16530 | D:10     | Found Osohaihu's Distillery.
 16533 | D:10     | Bought a potion of lignification for 42 gold pieces
 16533 | D:10     | Bought a potion of mutation for 112 gold pieces
 16533 | D:10     | Bought a potion of heal wounds for 70 gold pieces
 16533 | D:10     | Bought a potion of degeneration for 14 gold pieces
 16533 | D:10     | Bought a potion of cancellation for 112 gold pieces
 16533 | D:10     | Bought a potion of attraction for 42 gold pieces
 16580 | D:10     | Found a staircase to the Lair.
 16581 | D:10     | a yak changed into a salamander
 16581 | D:10     | Noticed a salamander
 16581 | D:10     | XOM: polymorph yak -> salamander
 16586 | D:10     | Killed a salamander
 16635 | D:11     | Found a runed translucent gate.
 16635 | D:11     | Found a runed translucent gate.
 16636 | D:11     | Found a runed translucent gate.
 16637 | D:11     | Noticed Tuntoteh's ghost (journeyman DrSh)
 16637 | D:11     | Noticed Athocut's ghost (journeyman FeDe)
 16638 | D:11     | Noticed gribnar's ghost (journeyman HOFi)
 16638 | D:11     | Noticed grimpoem's ghost (journeyman TrFi)
 16639 | D:11     | Noticed grimpoem's ghost (journeyman TrMo)
 16777 | D:11     | XOM: 1-stop teleportation journey
 16947 | D:11     | XOM: smoke on damage
 16956 | D:11     | XOM: destruction
 16989 | D:11     | Noticed a boulder beetle
 17001 | D:11     | Killed a boulder beetle
 17224 | D:11     | XOM: potion effect (invisibility)
 17238 | D:11     | XOM: divination: detect creatures
 17241 | D:11     | XOM: summons 7 friendly demons
 17242 | D:11     | XOM: summons 2 friendly demons
 17253 | D:11     | XOM: smoke on damage
 17254 | D:11     | XOM: summons 6 hostile demons
 17258 | D:11     | XOM: confusion (+ monsters)
 17274 | D:11     | XOM: draining
 17366 | D:11     | XOM: give mutations
 17366 | D:11     | Lost mutation: You are very agile. (Dex +8, Str/Int -2)
                  | [Xom's mischief]
 17366 | D:11     | Gained mutation: You are strong-willed. (Will+) [Xom's
                  | mischief]
 17366 | D:11     | Lost mutation: You are robust. (+10% HP) [Xom's mischief]
 17422 | D:11     | Found a hide-covered altar of Uskayaw.
 17600 | Lair:1   | Entered Level 1 of the Lair of Beasts
 17619 | Lair:1   | Reached XP level 12. HP: 19/86 MP: 0/0
 17893 | Lair:1   | XOM: fog
 17894 | Lair:1   | XOM: scenery: summon butterflies
 17914 | Lair:1   | HP: 4/88 [blink frog (9)]
 17921 | Lair:1   | XOM: confusion
 18034 | Lair:1   | Noticed a boulder beetle
 18034 | Lair:1   | XOM: 2-stop teleportation journey
 18106 | Lair:1   | XOM: stat loss: -1 Dex (21/23)
 18112 | Lair:1   | Identified the +2 robe "Viyfiog" {rF++}
 18122 | Lair:1   | Killed a boulder beetle
 18128 | Lair:1   | XOM: 2-stop teleportation journey
 18148 | Lair:1   | XOM: polymorph blink frog -> shapeshifter
 18558 | Lair:1   | XOM: noise
 18938 | Lair:1   | XOM: god gift: 741 gold pieces
 19006 | Lair:1   | XOM: god gift: book of Blasting
 19013 | Lair:1   | Identified 2 scrolls of acquirement
 19013 | Lair:1   | Acquired the +2 cloak of Boredom {Dex+4}
 19020 | Lair:1   | Identified the "Qulur" (You acquired it on level 1 of the
                  | Lair of Beasts)
 19020 | Lair:1   | Acquired 887 gold pieces
 19038 | Lair:2   | XOM: enchant monster (good)
 19048 | Lair:1   | XOM: swap monsters
 19327 | Lair:2   | XOM: polymorph cane toad -> shapeshifter
 19327 | Lair:2   | a shapeshifter changed into an entropy weaver
 19327 | Lair:2   | Noticed an entropy weaver (shapeshifter)
 19340 | Lair:2   | Killed an entropy weaver
 19546 | Lair:2   | Noticed a seven-headed hydra
 19546 | Lair:2   | Noticed a boulder beetle
 19558 | Lair:2   | XOM: smoke on damage
 19562 | Lair:2   | HP: 4/89 [nine-headed hydra (7)]
 19562 | Lair:2   | Slain by a nine-headed hydra

Illustrated notes

Levels and vault maps discovered:
D:1:      grunt_arrival_crossed_arrows, layout_loops_ring, minmay_ruptured
D:2:      layout_loops_ring, cheibrodos_gnoll_hut
D:3:      layout_rooms, amcnicky_altar_gilded,
          nicolae_wu_jian_immortal_techniques
D:4:      layout_basic, serial_shops, nicolae_shop_behind_doors
D:5:      layout_loops_ring, nicolae_overflow_squiral, portal_sewer_entry_c
D:6:      layout_gridville, uniq_sigmund
D:7:      layout_cave_pools, mainiacjoe_overflow_alcove_1,
          minmay_temple_entry_mini_moons, serial_shops, shop
D:8:      minmay_evil_eye, layout_cave_pools
D:9:      layout_irregular_city, orc_david_3
D:10:     layout_cave_pools, grunt_lair_entry_orc_guard_hut, serial_shops, shop,
          minivault_27
D:11:     argonaut_augean_stables, layout_gridville, gammafunk_ghost_cemetery,
          nicolae_uskayaw_dance_hall
Lair:1:   layout_chaotic_city, infiniplex_staircase_pool_2
Lair:2:   layout_loops_ring, minmay_shoals_entry_hut,
          grunt_forest_small_clearings, wad_woods_road_03,
          pdpol_lair_cavern_descent, serial_bayou_shore_b, grunt_megastairs_3

Skill      XL: |  1  2  3  4  5  6  7  8  9 10 11 12 |
---------------+-------------------------------------+-----
Long Blades    | 3 4 5 6 7 8 |  8.5
Fighting       | 4 5 6 7 8 9 |  9.3
Armour         | 2 3 4 5 6 7 8 |  8.8
Dodging        | 3 4 5 6 7 8 9 |  9.8
Spellcasting   | 1 2 3 4 5 6 7 |  7.7
Conjurations   | 1 2 3 4 5 6 7 |  7.7
Hexes          | 1 2 3 4 5 6 7 |  7.7
Summonings     | 1 2 3 4 5 6 7 |  7.7
Necromancy     | 1 2 3 4 5 6 7 |  7.7
Translocations | 1 2 3 4 5 6 7 |  7.7
Transmutations | 1 2 3 4 5 6 7 |  7.7
Fire Magic     | 1 2 3 4 5 6 7 |  7.7
Ice Magic      | 1 2 3 4 5 6 7 |  7.7
Air Magic      | 1 2 3 4 5 6 7 |  7.7
Earth Magic    | 1 2 3 4 5 6 7 |  7.7
Poison Magic   | 1 2 3 4 5 6 7 |  7.7

Action                     |  1- 3 |  4- 6 |  7- 9 | 10-12 || total
---------------------------+-------+-------+-------+-------++-------
  Melee: Falchion          |   120 |    40 |   346 |    93 ||   599
         Punch             |       |     2 |     6 |       ||     8
         Great sword       |       |       |       |   386 ||   386
   Cast: Poisonous Vapours |       |       |     5 |    14 ||    19
         Animate Armour    |       |       |       |     8 ||     8
         Manifold Assault  |       |       |       |    38 ||    38
  Evoke: Wand              |       |       |       |     7 ||     7
    Use: Scroll            |     1 |     3 |     7 |     7 ||    18
         Potion            |       |     4 |       |     3 ||     7
   Stab: Distracted        |     1 |       |     4 |       ||     5
         Sleeping          |     1 |     1 |    10 |     3 ||    15
         Confused          |       |     1 |       |     1 ||     2
         Invisible         |       |       |       |    19 ||    19
         Petrifying        |       |       |       |     2 ||     2
         Petrified         |       |       |       |     2 ||     2
         Paralysed         |       |       |       |     1 ||     1
 Armour: Leather armour    |    71 |    17 |   231 |    75 ||   394
         Steam dragon scal |       |       |       |   189 ||   189
  Dodge: Dodged            |    94 |    29 |   335 |   506 ||   964
  Block: Other             |       |       |       |   110 ||   110
         Reflection        |       |       |       |     1 ||     1

Table legend: (Time is in decaauts)
 A = Elapsed time spent in this place.
 B = Non-inter-level travel time spent in this place.
 C = Inter-level travel time spent in this place.
 D = Time resting spent in this place.
 E = Time spent auto-exploring this place.
 F = Levels seen in this place.
 G = Mean time per level.
                   A        B        C        D        E       F      G
               +--------+--------+--------+--------+--------+-----+--------+
         Total |  19732 |  19323 |    409 |   9509 |   7458 |  14 | 1409.4 |
       Dungeon |  17713 |  17359 |    354 |   8892 |   6561 |  11 | 1610.3 |
          Lair |   1816 |   1761 |     55 |    617 |    756 |   2 |  908.0 |
         Sewer |    202 |    202 |      0 |      0 |    141 |   1 |  202.0 |
               +--------+--------+--------+--------+--------+-----+--------+

Top non-repeatable levels by time:
     D:1: 8178 daAuts
     D:6: 1393 daAuts
  Lair:1: 1383 daAuts
     D:7: 1257 daAuts
    D:11: 994 daAuts
    D:10: 964 daAuts
     D:2: 915 daAuts
     D:4: 912 daAuts
     D:9: 910 daAuts
     D:5: 892 daAuts
     D:8: 769 daAuts
     D:3: 523 daAuts
  Lair:2: 432 daAuts
   Sewer: 202 daAuts
